 Dungeon Crawl Stone Soup version 0.27-a0-1281-ge233d83751 (console) character file.

Game seed: 16441199698902986294

105 Hector the Cutter (level 4, 0/23 HPs)
             Began as a Spriggan Abyssal Knight on June 14, 2021.
             Was a Believer of Lugonu.
             Slain by a river rat (8 damage)
             ... on level 3 of the Dungeon.
             The game lasted 00:14:07 (4408 turns).

Hector the Cutter (Spriggan Abyssal Knight)         Turns: 4408, Time: 00:14:07

Health: 0/23       AC:  2    Str:  8    XL:     4   Next: 53%
Magic:  6/6        EV: 17    Int: 14    God:    Lugonu [**....]
Gold:   163        SH:  0    Dex: 14    Spells: 3/3 levels left

rFire    . . .     SeeInvis +   a - +1 short sword
rCold    . . .     Faith    +   (shield restricted)
rNeg     . . .     Spirit   .   b - +0 robe
rPois    .         Reflect  .   (helmet restricted)
rElec    .         Harm     .   (no cloak)
rCorr    .         Rampage  .   (gloves unavailable)
Will     .....                  (boots unavailable)
Stlth    ++........             i - amulet of faith
HPRegen  0.07/turn              (no ring)
MPRegen  0.10/turn              (no ring)

@: very quick
A: very small, no large weapons, unfitting armour, see invisible, speed 3
a: Renounce Religion, Depart the Abyss, Bend Space


You were on level 3 of the Dungeon.
You worshipped Lugonu.
Lugonu was pleased with you.
You visited 1 branch of the dungeon, and saw 3 of its levels.
You visited the Abyss 1 time.

You collected 163 gold pieces.

Inventory:

Hand Weapons
 a - a +1 short sword (weapon)
 c - a +0 dagger
Missiles
 d - 3 atropa-tipped darts
 e - 96 stones (quivered)
Armour
 b - a +0 robe (worn)
Jewellery
 i - an amulet of faith (around neck)
Scrolls
 f - a scroll of amnesia {unknown}
Potions
 g - a potion of might {unknown}
 h - a potion of curing {unknown}


   Skills:
 - Level 2.4 Fighting
 * Level 4.0 Short Blades
 - Level 3.2 Dodging
 * Level 3.8 Stealth
 * Level 2.5 Invocations


You had 3 spell levels left.
You didn't know any spells.
Your spell library was empty.

Dungeon Overview and Level Annotations

Branches:
Dungeon (3/15)

Altars:

Shops:
D:3 [

Annotations:
D:1 2 gnolls


Innate Abilities, Weirdness & Mutations

You are very small and have problems with some larger weapons.
You are too small for most types of armour.
You have supernaturally acute eyesight. (SInv)
You cover ground extremely quickly. (Speed+++)


Message History

The worm is moderately wounded.
The worm barely misses you.
You hit the worm.
The worm is moderately wounded.
You hit the worm but do no damage.
The worm is moderately wounded.
The worm barely misses you.
You hit the worm.
The worm is heavily wounded.
The worm barely misses you.
You hit the worm.
The worm is heavily wounded.
You hit the worm.
The worm is severely wounded.
The worm bites you!
You hit the worm.
The worm is almost dead.
You hit the worm.
You kill the worm!
Lugonu accepts your kill.
You see here a +0 robe.
You see here a +0 robe.
A river rat is nearby!
You hit the river rat but do no damage. The river rat barely misses you.
You barely miss the river rat. The river rat closely misses you.
You closely miss the river rat. The river rat closely misses you.
You hit the river rat but do no damage. The river rat bites you.
You barely miss the river rat. The river rat bites you.
You barely miss the river rat. The river rat bites you.
You barely miss the river rat. The river rat misses you.
You closely miss the river rat. The river rat bites you.
You hit the river rat.
The river rat is lightly wounded.
The river rat bites you.
You barely miss the river rat.
The river rat is lightly wounded.
You hit the river rat.
The river rat is lightly wounded.
The river rat bites you!
You die...

.##........#...#.## #......###.##
.##...........###.###.##.....#.##
.##..........## ##.##.####.#.....
.#..r..≈.....# ##.....##....###
.....≈≈≈≈≈.≈.## ##.##.#.##.#### #
.######≈#≈#≈≈.###.###......# # .#
#≈≈≈≈≈≈≈≈≈#.#.## ###<#### # .#
#≈########..r.# ####.#### .###
####@# #.......# ...# #.##.#
#>##†##.# #### #..÷.# #.##.##.#
#....# #.#..##.# #....# #.#.###.#
#....# #.#.###.# #....###.......#
#...........#### #####
#....##.##..#


You could see a river rat.

Vanquished Creatures
  4 adders
  A worm (D:3)
  2 dart slugs
  3 bats (D:1)
  4 endoplasms
  3 giant cockroaches
  8 goblins
  5 hobgoblins
  11 kobolds
  A quokka (D:1)
  7 ball pythons
  6 frilled lizards
  3 rats
58 creatures vanquished.

Notes
Turn   | Place    | Note
-------+----------+-------------------------------------------
     0 | Abyss:1  | Hector the Spriggan Abyssal Knight began the quest for the
                  | Orb.
     0 | Abyss:1  | Reached XP level 1. HP: 11/11 MP: 3/3
    13 | Abyss:1  | Found a corrupted altar of Lugonu.
    38 | D:1      | Escaped the Abyss
   132 | D:1      | Reached skill level 1 in Stealth
   366 | D:1      | Reached XP level 2. HP: 16/16 MP: 4/4
   625 | D:1      | Reached ** piety under Lugonu
   752 | D:1      | Reached skill level 3 in Short Blades
   909 | D:1      | Reached XP level 3. HP: 14/19 MP: 5/5
  2647 | D:2      | Reached XP level 4. HP: 23/23 MP: 6/6
  2666 | D:2      | Found a faded altar of an unknown god.
  3330 | D:3      | Reached skill level 4 in Short Blades
  3330 | D:3      | Found Urosostri's Antique Armour Boutique.
  3402 | D:3      | Noticed a bullfrog
  4408 | D:3      | Slain by a river rat

Illustrated notes

Levels and vault maps discovered:
D:1:      nicolae_arrival_washed_ashore, layout_rooms
D:2:      layout_loops_ring, shapermc_ecumenical_altar_mp_ritualfount,
          chequers_serial_rivers_micro_e, wander_ebering_terrifying_dragon_lair
D:3:      layout_loops_cross, serial_shops, shop, lightli_sewer_entry_pipes

Skill      XL: |  1  2  3  4 |
---------------+-------------+-----
Stealth        | 1 2 3 |  3.8
Invocations    | 2 |  2.5
Short Blades   | 3 4 |  4.0
Fighting       | |  2.4
Dodging        | |  3.2

Action                   |  1- 3 |  4- 6 || total
-------------------------+-------+-------++-------
Melee: Short sword       |   135 |    92 ||   227
Throw: Stone             |    11 |       ||    11
       Dart              |     6 |       ||     6
Invok: Bend Space        |       |     2 ||     2
  Use: Potion            |       |     1 ||     1
 Stab: Sleeping          |     4 |     5 ||     9
       Distracted        |     1 |       ||     1
       Invisible         |     1 |       ||     1
Armor: Robe              |     6 |     5 ||    11
Dodge: Dodged            |    75 |    49 ||   124

Table legend: (Time is in decaauts)
 A = Elapsed time spent in this place.
 B = Non-inter-level travel time spent in this place.
 C = Inter-level travel time spent in this place.
 D = Time resting spent in this place.
 E = Time spent auto-exploring this place.
 F = Levels seen in this place.
 G = Mean time per level.
                   A        B        C        D        E       F      G
               +--------+--------+--------+--------+--------+-----+--------+
         Total |   3622 |   3601 |     21 |   1322 |   1505 |   4 |  905.5 |
       Dungeon |   3598 |   3577 |     21 |   1322 |   1486 |   3 | 1199.3 |
         Abyss |     23 |     23 |      0 |      0 |     19 |   1 |   23.0 |
               +--------+--------+--------+--------+--------+-----+--------+

Top non-repeatable levels by time:
     D:1: 1604 daAuts
     D:2: 1411 daAuts
     D:3: 582 daAuts
 Abyss:1: 23 daAuts
